 Dungeon Crawl Stone Soup version 0.16.1-11-g651b585 (webtiles) character file.

1350 wojtek the Cutter (level 8, -2/52 HPs)
             Began as a Kobold Assassin on Apr 1, 2015.
             Slain by an iguana (7 damage)
             ... on level 5 of the Dungeon.
             The game lasted 00:14:53 (8029 turns).

wojtek the Cutter (Kobold Assassin)                 Turns: 8029, Time: 00:14:53

Health: -2/52      AC:  4    Str:  9    XL:     8   Next: 94%
Magic:  8/8        EV: 19    Int: 11    God:
Gold:   258        SH:  5    Dex: 18    Spells: 0 memorised, 7 levels left

rFire  . . .     SeeInvis .     a - +2 dagger (freeze)
rCold  . . .     Clarity  .     c - +0 robe
rNeg   . . .     SustAb   .     m - +0 buckler
rPois  .         Gourm    .     y - +0 helmet
rElec  .         Spirit   .     d - +0 cloak
rCorr  .         Warding  .     (no gloves)
rMut   .         Stasis   .     (no boots)
MR     .....                    (no amulet)
Stlth  +++.......               (no ring)
                                (no ring)

@: not resistant to hostile enchantments, fairly stealthy
A: carnivore 3
a: no special abilities


You were on level 5 of the Dungeon.
You were very full.

You visited 1 branch of the dungeon, and saw 5 of its levels.

You collected 258 gold pieces.

Inventory:

Hand weapons
 a - a +2 dagger of freezing (weapon)
 b - a +0 blowgun
 i - a +2 dagger
 A - a +2 dagger of holy wrath
Missiles
 f - 10 curare-tipped needles {=f}
Armour
 c - a +0 robe (worn)
 d - a +0 cloak (worn)
 m - a +0 buckler (worn)
 y - a +0 helmet (worn)
Jewellery
 v - an uncursed amulet of guardian spirit {unknown}
Magical devices
 e - a wand of slowing (31)
 n - a wand of magic darts (15)
 u - a wand of slowing (30)
 w - a wand of teleportation (2)
 z - a wand of lightning (7)
 B - a wand of lightning (6)
Scrolls
 h - a scroll of enchant weapon {unknown}
 j - 9 scrolls of identify
 k - 4 scrolls of remove curse {unknown}
 l - a scroll of recharging {unknown}
 o - a scroll of fog {unknown}
 s - 4 scrolls of magic mapping {unknown}
 t - 2 scrolls of blinking {unknown}
Potions
 p - a potion of curing
 r - a potion of brilliance {unknown}
Comestibles
 g - a meat ration
 q - a chunk of flesh
 x - a beef jerky


   Skills:
 + Level 6.9 Fighting
 - Level 7.8 Short Blades
 - Level 2.6 Throwing
 + Level 7.3 Dodging
 - Level 5.3 Stealth


You had 7 spell levels left.
You didn't know any spells.

Dungeon Overview and Level Annotations

Branches:
Dungeon (5/15)
 Temple: D:4-7

Altars:
Cheibriados
Dithmenos
Nemelex Xobeh

Annotations:
D:2 Sigmund
D:4 Pikel
D:5 Blork the orc


Innate Abilities, Weirdness & Mutations

You are small and have problems with some larger weapons.
You are carnivorous and can eat meat at any time.


Message History

The worker ant closely misses you. The worker ant barely misses you.
The worker ant completely misses you.
There is an open door here.
You hit the iguana. You freeze the iguana.
The iguana is almost dead.
The iguana misses you.
You closely miss the iguana.
The iguana is almost dead.
The iguana completely misses you.
You hit the iguana. You freeze the iguana.
The iguana is almost dead.
You hit the iguana but do no damage.
The iguana is almost dead.
The iguana bites you!
* * * LOW HITPOINT WARNING * * *
You barely miss the iguana.
The iguana is almost dead.
The iguana bites you!
You die...

,.......................###.####
,,......................# #.#
,,,##'#####'######......#####
,,,#.............#.......######
,,,'.............'.......#....#
,,,*.............#.......#..).#
,,,*....##.......#.......#...####
****,...#####'####a......#...#..#
,,,,,,.,#.......@lg......'......#
,,,,,,,,#........#....)..#......'
,,,,,,..'........#...))..#......#
******############....)..########
#########


You could see an iguana, a worker ant and a goblin.

Vanquished Creatures
  4 slaves (D:4)
  An orc warrior (D:5)
  2 ogres (D:4)
  3 scorpions
  A jelly (D:5)
  A vampire bat (D:5)
  A crimson imp (D:5)
  A giant frog zombie (D:5)
  An iguana (D:5)
  3 orc priests
  5 orc wizards
  A hound (D:4)
  Natasha (thrice) (D:5)
  2 worker ants (D:5)
  Ijyb (D:2)
  Jessica (D:2)
  8 adders
  9 gnolls
  A giant mite (D:2)
  A shadow imp (D:5)
  5 worms
  5 giant geckos
  2 oozes
  13 orcs
  2 spectral bats (D:5)
  5 bat skeletons
  A bat zombie (D:5)
  3 fire bats (D:5)
  5 giant cockroaches
  10 goblins
  12 hobgoblins
  6 jackals
  A ball python (D:4)
  18 bats
  A bat simulacrum (D:5)
  A giant gecko zombie (D:5)
  5 giant newts
  10 kobolds
  4 quokkas
  A quokka skeleton (D:5)
  14 rats
174 creatures vanquished.

Notes
Turn   | Place    | Note
--------------------------------------------------------------
     0 | D:1      | wojtek, the Kobold Assassin, began the quest for the Orb.
     0 | D:1      | Reached XP level 1. HP: 12/12 MP: 1/1
   194 | D:1      | Reached XP level 2. HP: 12/17 MP: 2/2
   982 | D:1      | Reached XP level 3. HP: 21/21 MP: 3/3
  1350 | D:2      | Noticed Jessica
  1366 | D:2      | Killed Jessica
  1366 | D:2      | Reached skill level 5 in Short Blades
  1419 | D:2      | Reached XP level 4. HP: 7/26 MP: 4/4
  1957 | D:2      | Reached skill level 6 in Short Blades
  2133 | D:2      | Reached XP level 5. HP: 30/30 MP: 5/5
  2219 | D:2      | Found a shadowy altar of Dithmenos.
  2219 | D:2      | Noticed Ijyb
  2256 | D:2      | Killed Ijyb
  2565 | D:2      | Found a sparkling altar of Nemelex Xobeh.
  2614 | D:2      | Reached skill level 7 in Short Blades
  2799 | D:3      | Noticed Sigmund
  3175 | D:3      | Reached XP level 6. HP: 12/35 MP: 6/6
  4082 | D:4      | Reached XP level 7. HP: 39/41 MP: 7/7
  5073 | D:5      | Entered Level 5 of the Dungeon
  5081 | D:5      | Noticed Natasha
  5092 | D:5      | Killed Natasha
  5281 | D:5      | Noticed Pikel
  5478 | D:5      | Reached skill level 5 in Dodging
  5758 | D:5      | Reached skill level 5 in Fighting
  5758 | D:5      | Reached XP level 8. HP: 47/49 MP: 8/8
  6487 | D:5      | Found a snail-covered altar of Cheibriados.
  6630 | D:5      | Noticed Blork the orc
  6972 | D:5      | Noticed Natasha
  6977 | D:5      | Killed Natasha
  7058 | D:5      | Noticed Natasha
  7063 | D:5      | Killed Natasha
  8029 | D:5      | Slain by an iguana

Action                   |  1- 3 |  4- 6 |  7- 9 || total
-------------------------+-------+-------+-------++-------
Melee: Dagger            |    85 |   156 |   520 ||   761
 Fire: Blowgun           |     4 |    22 |     5 ||    31
  Use: Potion            |       |       |     6 ||     6
       Scroll            |       |       |     1 ||     1
 Stab: Sleeping          |     6 |    11 |    20 ||    37
       Distracted        |       |     1 |     3 ||     4
  Eat: Chunk             |     7 |    11 |    13 ||    31
